 Dungeon Crawl Stone Soup version 0.27-a0-29-g2d0a2396b0 (webtiles) character file.

Game seed: 9129071402423479571

4216 sahdkjhfkaj the Whirler (level 10, 0/63 HPs)
             Began as a Halfling Hunter on Jan 3, 2021.
             Was a Believer of Okawaru.
             Slain by a killer bee zombie (6 damage)
             ... on level 9 of the Dungeon.
             The game lasted 00:18:32 (12361 turns).

sahdkjhfkaj the Whirler (Halfling Hunter)          Turns: 12361, Time: 00:18:33

Health: 0/63       AC: 12    Str: 13    XL:     10   Next: 54%
Magic:  19/19      EV:  9    Int: 18    God:    Okawaru [**....]
Gold:   442        SH:  0    Dex: 16    Spells: 9/9 levels left

rFire    . . .     SeeInvis .   a - +1 hunting sling
rCold    . . .     Faith    .   (shield restricted)
rNeg     . . .     Spirit   .   z - +0 chain mail
rPois    .         Reflect  .   M - +0 helmet
rElec    .         Harm     .   H - +0 cloak
rCorr    .         Rampage  .   r - +0 pair of gloves
Will     .....                  (no boots)
Stlth    ..........             (no amulet)
HPRegen  0.20/turn              q - +6 ring of intelligence
MPRegen  0.16/turn              k - ring of magical power

@: no status effects
A: small, mutation resistance 1
a: Renounce Religion, Heroism


You were on level 9 of the Dungeon.
You worshipped Okawaru.
Okawaru was pleased with you.
You visited 2 branches of the dungeon, and saw 10 of its levels.
You also visited: Bailey.

You collected 442 gold pieces.

Inventory:

Hand Weapons
 a - a +1 hunting sling (weapon)
 b - a +2 short sword of draining
Missiles
 d - 172 sling bullets (quivered ammo)
 g - 147 stones
Armour
 r - a +0 pair of gloves (worn)
 z - a +0 chain mail (worn)
 H - a +0 cloak (worn)
 M - a +0 helmet (worn)
Jewellery
 i - an uncursed ring of fire
 k - a ring of magical power (right hand)
 q - a +6 ring of intelligence (left hand)
 s - an uncursed ring of flight {unknown}
 x - a cursed ring of teleportation {unknown}
 y - an uncursed ring of ice {unknown}
 D - an uncursed amulet of the acrobat {unknown}
 I - a cursed -4 ring of intelligence
 J - a +4 ring of slaying {unknown}
 P - an uncursed amulet of reflection {unknown}
Wands
 j - a wand of acid (9)
 F - a wand of digging (6)
 G - a wand of flame (28)
Scrolls
 c - 2 scrolls of fear {unknown}
 e - 5 scrolls of teleportation {!r}
 h - 9 scrolls of remove curse
 l - 3 scrolls of amnesia
 m - 2 scrolls of enchant weapon
 v - 6 scrolls of enchant armour
 B - 2 scrolls of magic mapping {unknown}
 C - 2 scrolls of random uselessness {unknown}
 K - a scroll of acquirement {unknown}
 L - 2 scrolls of noise {unknown}
 R - a scroll of fog {unknown}
 S - a scroll of holy word {unknown}
Potions
 f - a potion of ambrosia {unknown}
 n - a potion of mutation {unknown}
 p - 3 potions of haste
 t - 2 potions of brilliance
 u - a potion of flight {unknown}
 w - 2 potions of lignification
 A - 2 potions of resistance
 E - 3 potions of curing
 N - a potion of heal wounds {unknown}
 O - a potion of might {unknown}
 Q - a potion of cancellation {unknown}


   Skills:
 - Level 4.0 Fighting
 - Level 15.0 Slings
 - Level 4.0 Armour
 + Level 3.5 Dodging
 - Level 1.1 Stealth
 - Level 6.0 Shields
 - Level 6.0 Evocations


You had 9 spell levels left.
You didn't know any spells.
Your spell library was empty.

Dungeon Overview and Level Annotations

Branches:
Dungeon (9/15)             Temple (1/1) D:4          Bailey (visited)
   Lair: D:8-11         Orc: D:9-12

Altars:
Ashenzari
Cheibriados
Dithmenos
Elyvilon
Fedhas
Gozag
Hepliaklqana
Kikubaaqudgha
Makhleb
Nemelex Xobeh
Okawaru
Qazlal
Ru
Sif Muna
Trog
Vehumet
Wu Jian
Xom
Yredelemnul
Zin
The Shining One

Annotations:
D:7 2 transporters, jestyr24's ghost, novice DrCj


Innate Abilities, Weirdness & Mutations

You are small and have problems with some larger weapons.
You are somewhat resistant to further mutation.


Message History

Aim: an orc warrior, wielding a +0 arbalest, wearing a +0 ring mail and quivering 6 bolts (moderately wounded)
You shoot a sling bullet. The sling bullet hits the orc warrior.
The orc warrior is moderately wounded.
Fire: 174 sling bullets
Press: ? - help, Q - select action, (/) - cycle Shift-Dir - straight line, f/p - orc warrior
Aim: an orc warrior, wielding a +0 arbalest, wearing a +0 ring mail and quivering 6 bolts (moderately wounded)
You shoot a sling bullet.
The sling bullet hits the orc warrior but does no damage.
The orc warrior is moderately wounded.
Fire: 173 sling bullets
Press: ? - help, Q - select action, (/) - cycle Shift-Dir - straight line, f/p - orc warrior
Aim: an orc warrior, wielding a +0 arbalest, wearing a +0 ring mail and quivering 6 bolts (moderately wounded)
You shoot a sling bullet. The sling bullet hits the orc warrior.
The orc warrior is heavily wounded.
The orc warrior shoots a bolt.
The bolt hits you!!
* * * LOW HITPOINT WARNING * * *
Welcome back to the Dungeon!
The killer bee zombie hits you but does no damage. x2
The killer bee zombie hits you.
You die...

#....... ..
#.).....
#.######......
#.....8...z.#
#...........#
#..8.....8?##+##
#.[............#
#......(.......#
##8...@Z..8....#
#...z.........#
#.............#
#.8....$8.<...#
#............†#
#....8.......<#
#######....<..#
#.......#
##+######


You could see 2 wights and a killer bee zombie.

Vanquished Creatures
  A two-headed ogre (D:8)
  A queen bee (D:7)
  A troll (D:6)
  Sigmund (D:2)
  Eustachio (D:4)
  A water moccasin (D:8)
  3 sky beasts
  An orc warrior (Bailey)
  A phantom (D:5)
  2 black bears
  An ogre (D:7)
  A necrophage (D:8)
  4 lemures (D:7)
  5 bullfrogs
  3 scorpions
  A killer bee (D:5)
  5 wights (D:5)
  3 howler monkeys
  A jelly (D:5)
  2 hounds
  5 orc priests
  10 orc wizards
  Jessica (D:2)
  A centaur skeleton (D:8)
  6 iguanas
  5 worker ants
  A hound zombie (D:7)
  A hound skeleton (D:7)
  A worker ant zombie (D:6)
  A howler monkey skeleton (D:7)
  6 adders
  A shadow imp (D:8)
  A white imp (D:8)
  4 ufetubi
  2 oozes
  6 worms
  2 dart slugs
  2 leopard geckos (D:2)
  46 orcs
  6 giant cockroaches
  17 goblins
  16 hobgoblins
  9 jackals
  4 quokkas
  8 bats
  6 frilled lizards
  A jackal zombie (D:7)
  14 kobolds
  A quokka skeleton (D:7)
  10 rats
233 creatures vanquished.

Notes
Turn   | Place    | Note
-------+----------+-------------------------------------------
     0 | D:1      | sahdkjhfkaj the Halfling Hunter began the quest for the
                  | Orb.
     0 | D:1      | Reached XP level 1. HP: 14/14 MP: 1/1
   219 | D:1      | Reached skill level 6 in Slings
   438 | D:1      | Reached XP level 2. HP: 10/19 MP: 2/2
  1283 | D:2      | Reached skill level 7 in Slings
  1283 | D:2      | Reached XP level 3. HP: 24/24 MP: 3/3
  1546 | D:2      | Reached XP level 4. HP: 29/29 MP: 4/4
  1624 | D:2      | Reached skill level 8 in Slings
  1651 | D:2      | Noticed Jessica
  1654 | D:2      | Killed Jessica
  1687 | D:2      | Reached XP level 5. HP: 34/34 MP: 5/5
  1723 | D:2      | Noticed Sigmund
  1736 | D:2      | Killed Sigmund
  1737 | D:2      | Reached skill level 10 in Slings
  1737 | D:2      | Reached XP level 6. HP: 15/39 MP: 6/6
  2072 | D:2      | Found a white marble altar of Elyvilon.
  3662 | D:4      | Reached skill level 11 in Slings
  3662 | D:4      | Reached XP level 7. HP: 24/44 MP: 7/7
  4370 | D:4      | Reached skill level 12 in Slings
  4512 | D:4      | Noticed Eustachio
  4525 | D:4      | Killed Eustachio
  4526 | D:4      | Reached XP level 8. HP: 44/49 MP: 8/8
  5366 | D:4      | Found a staircase to the Ecumenical Temple.
  5375 | Temple   | Entered the Ecumenical Temple
  5463 | Temple   | Became a worshipper of Warmaster Okawaru
  5549 | D:5      | Entered Level 5 of the Dungeon
  5621 | D:5      | Reached skill level 13 in Slings
  6109 | D:5      | Reached skill level 14 in Slings
  6550 | D:5      | Reached * piety under Okawaru
  7045 | D:5      | Found a runed translucent door.
  7046 | D:5      | Noticed Crazy Yiuf
  7050 | D:5      | Noticed Crazy Yiuf
  7050 | D:5      | Crazy Yiuf changed into Crazy Yiuf the killer bee
  7058 | D:5      | Killed Crazy Yiuf the killer bee
  7384 | D:6      | Reached XP level 9. HP: 44/54 MP: 9/9
  7392 | D:6      | Reached skill level 15 in Slings
  7884 | D:6      | Reached skill level 1 in Shields
  7978 | D:6      | Found a shimmering altar of Xom.
  7978 | D:6      | Noticed an angel
  7982 | D:6      | Found a glowing silver altar of Zin.
  8142 | D:6      | Noticed a troll
  8151 | D:6      | Killed a troll
  8152 | D:6      | Reached skill level 1 in Evocations
  8619 | D:7      | Found a snail-covered altar of Cheibriados.
  9187 | D:7      | Noticed Pikel
  9245 | D:7      | Found a transporter.
  9512 | D:7      | Found a bloodstained altar of Trog.
  9520 | D:7      | Noticed jestyr24's ghost (novice DrCj)
  9522 | D:7      | Found a shadowy altar of Dithmenos.
  9524 | D:7      | Found a radiant altar of Vehumet.
  9525 | D:7      | Found a broken altar of Ashenzari.
  9525 | D:7      | Found a white marble altar of Elyvilon.
  9525 | D:7      | Found a stormy altar of Qazlal.
  9525 | D:7      | Found a sparkling altar of Nemelex Xobeh.
  9535 | D:7      | Reached skill level 1 in Armour
  9585 | D:7      | Reached ** piety under Okawaru
  9780 | D:7      | Noticed Pikel
  9780 | D:7      | Pikel changed into Pikel the harpy
  9781 | D:7      | Noticed Pikel
  9781 | D:7      | Pikel the harpy changed into Pikel the queen bee
  9785 | D:7      | Killed Pikel the queen bee
  9862 | D:7      | Found a glowing golden altar of the Shining One.
  9871 | D:7      | Found a basalt altar of Yredelemnul.
  9880 | D:7      | Noticed a profane servitor
 10252 | D:7      | Found a transporter.
 10255 | D:7      | Noticed a moth of wrath
 10276 | D:7      | Noticed a troll
 10335 | D:7      | Noticed an angel
 10361 | D:8      | Reached XP level 10. HP: 63/63 MP: 10/10
 10444 | D:8      | Noticed a two-headed ogre
 10480 | D:8      | Killed a two-headed ogre
 10818 | D:8      | Reached skill level 5 in Evocations
 12083 | D:9      | Found a flagged portal.
 12092 | Bailey   | Entered a bailey
 12361 | D:9      | Slain by a killer bee zombie

Illustrated notes

Levels and vault maps discovered:
D:1:      zelgadis_glass_arrival_large, layout_basic,
          chequers_serial_rivers_room_a
D:2:      layout_loops_cross, solitary_fountain, elyvilon_altar_1, uniq_jessica,
          uniq_sigmund
D:3:      layout_loops_ring, hangedman_decor_diamond_cutter, corexii_shack,
          kennysheep_generic_room_5
D:4:      black_bear_nest_2, layout_layer_cave, lemuel_temple_firewalk_b,
          gup_sewer_entry_bubbles, uniq_eustachio
D:5:      layout_cave_pods, corexii_checkpoint_a, uniq_crazy_yiuf_cottage
D:6:      layout_basic, grunt_temple_overflow_order_and_chaos_1, st_stairs_5,
          grunt_decor_one_mirror
D:7:      corexii_shantytown, layout_rooms, cheibriados_altar_1,
          grunt_temple_overflow_holy_war, grunt_temple_overflow_open,
          gammafunk_ghost_wrathful_warriors, minmay_circle_x, uniq_pikel
D:8:      layout_loops_corners
D:9:      layout_roguey, eat_drink_and_be_merry_uskayaw, basic_altar,
          enter_bailey_6, ebering_ghost_xom, uniq_harold
Temple:   zaba_magenta_temple

Skill      XL: |  1  2  3  4  5  6  7  8  9 10 |
---------------+-------------------------------+-----
Slings         | 6 7 8 10 11 12 14 15 | 15.0
Fighting       | 3 4 |  4.0
Shields        | 4 6 |  6.0
Evocations     | 4 6 |  6.0
Armour         | 3 4 |  4.0
Dodging        | 3 |  3.5
Stealth        | |  1.1

Action                   |  1- 3 |  4- 6 |  7- 9 | 10-12 || total
-------------------------+-------+-------+-------+-------++-------
Melee: Short sword       |    43 |       |       |       ||    43
       Hunting sling     |       |     2 |     2 |       ||     4
 Fire: Hunting sling     |    50 |   211 |   747 |   151 ||  1159
Evoke: Wand              |       |     1 |    11 |     6 ||    18
  Use: Scroll            |     1 |     4 |     5 |       ||    10
       Potion            |       |       |     1 |       ||     1
 Stab: Sleeping          |       |     1 |       |       ||     1
Armor: Leather armour    |    11 |    12 |     2 |       ||    25
       Chain mail        |       |       |   111 |    28 ||   139
Dodge: Dodged            |    32 |    27 |    98 |    18 ||   175

Table legend: (Time is in decaauts)
 A = Elapsed time spent in this place.
 B = Non-inter-level travel time spent in this place.
 C = Inter-level travel time spent in this place.
 D = Time resting spent in this place.
 E = Time spent auto-exploring this place.
 F = Levels seen in this place.
 G = Mean time per level.
                   A        B        C        D        E       F      G
               +--------+--------+--------+--------+--------+-----+--------+
         Total |  11963 |  11527 |    436 |    925 |   9043 |  11 | 1087.5 |
       Dungeon |  11598 |  11204 |    394 |    704 |   8986 |   9 | 1288.7 |
        Temple |    101 |     59 |     42 |      0 |     57 |   1 |  101.0 |
        Bailey |    262 |    262 |      0 |    221 |      0 |   1 |  262.0 |
               +--------+--------+--------+--------+--------+-----+--------+

Top non-repeatable levels by time:
     D:4: 1761 daAuts
     D:7: 1748 daAuts
     D:5: 1735 daAuts
     D:8: 1598 daAuts
     D:1: 1435 daAuts
     D:3: 1324 daAuts
     D:6: 1054 daAuts
     D:2: 850 daAuts
  Bailey: 262 daAuts
  Temple: 101 daAuts
     D:9: 88 daAuts
